Map: Automaton LE

Players

CaptUndead

  • Race: Terran Terran
  • League: Diamond
  • Spawn Location: 3:00

Woogie - Winner!

  • Race: Zerg Zerg
  • League: Diamond
  • Spawn Location: 9:00

VOD

Have the link to the VOD?

Description

Time

  • Played on: May 4, 2019, 8:22 p.m.
  • Length: 24:07
Show
View Real Time Build Order
Export as new Build Order

CaptUndead Terran 

Build Orders:  

Get SALT Encoding   

  12  0:01  SCV  
  13  0:13  SCV  
  14  0:18  Supply Depot  
  14  0:25  SCV  
  15  0:39  SCV  
  15  0:40  Barracks  
  16  0:51  SCV  
  17  1:03  SCV  
  18  1:21  SCV  
  19  1:27  Command Center  
  19  1:30  Refinery  
  19  1:35  Refinery  
  19  1:36  Marine  
  20  1:45  Orbital Command  
  20  1:56  Marine  
  21  2:07  Supply Depot  
  21  2:10  SCV  
  21  2:15  Marine  
  23  2:20  Factory  
  23  2:29  SCV  
  24  2:34  Barracks Reactor  
  24  2:40  Orbital Command  
  24  2:41  SCV  
  25  2:53  SCV  
  26  3:05  SCV  
  27  3:06  SCV  
  27  3:12  Marine x2  
  28  3:14  Factory Tech Lab  
  28  3:18  SCV  
  28  3:19  Starport  
  30  3:23  SCV  
  30  3:26  Barracks  
  31  3:30  Supply Depot, Marine x2  
  33  3:34  SCV  
  33  3:39  SCV  
  35  3:44  Siege Tank  
  38  3:50  SCV  
  39  3:56  Supply Depot, SCV  
  39  4:10  SCV  
  40  4:17  SCV  
  40  4:18  Marine x2  
  40  4:22  SCV  
  44  4:24  Command Center  
  44  4:30  SCV  
  45  4:34  Barracks Tech Lab, SCV  
  45  4:36  Marine, Barracks  
  47  4:40  Starport Tech Lab, Siege Tank  
  47  4:44  Marine  
  51  4:46  Starport Reactor  
  51  4:50  SCV x2  
  53  4:54  Marine  
  53  4:58  Marine  
  55  5:00  Stimpack  
  55  5:02  SCV  
  56  5:08  SCV  
  56  5:11  Marine, Refinery  
  56  5:12  Marine  
  59  5:14  SCV  
  59  5:20  SCV  
  61  5:21  Marine  
  61  5:27  Barracks Reactor  
  62  5:29  Barracks  
  62  5:35  Siege Tank, Marine, SCV x2  
  62  5:37  Starport Reactor  
  68  5:48  SCV x2  
  68  5:49  Supply Depot  
  70  5:51  Supply Depot  
  70  5:52  Engineering Bay  
  70  5:53  Engineering Bay  
  70  5:55  Marine x3  
  73  6:00  SCV x2  
  73  6:03  Marine x2  
  77  6:06  Orbital Command  
  77  6:12  SCV  
  77  6:14  Supply Depot  
  77  6:15  SCV  
  79  6:18  Refinery  
  79  6:19  Marine x3  
  79  6:20  Marine  
  79  6:24  SCV  
  84  6:26  Barracks  
  84  6:28  SCV  
  85  6:33  Terran Infantry Weapons Level 1, Terran Infantry Armor Level 1  
  85  6:37  Supply Depot  
  85  6:39  Supply Depot  
  85  6:42  SCV x3  
  88  6:51  Marine x4  
  93  6:54  SCV x2  
  93  6:56  Supply Depot  
  93  6:57  Marine x2  
  93  6:58  Marine  
  93  7:00  Combat Shield, Medivac  
  93  7:01  Supply Depot  
  99  7:02  Medivac  
  99  7:03  Supply Depot, SCV  
  99  7:08  SCV  
  103  7:10  Siege Tank  
  103  7:11  Marine  
  103  7:12  Marine  
  103  7:13  Marine  
  103  7:14  Marine  
  103  7:15  Marine  
  111  7:16  Barracks Tech Lab  
  111  7:26  Armory  
  111  7:28  Marine  
  111  7:29  Marine x2  
  114  7:30  Marine  
  114  7:31  Marine  
  114  7:32  Medivac  
  114  7:35  Sensor Tower  
  118  7:42  Marine x2  
  118  7:43  Marine  
  121  7:46  Marine  
  121  7:50  Missile Turret  
  122  7:53  Missile Turret  
  122  7:57  Missile Turret  
  122  8:00  Marine x2  
  122  8:01  Marine x5  
  122  8:05  Sensor Tower  
  129  8:07  Marine  
  130  8:18  Marine x3  
  133  8:30  Marine x3  
  133  8:31  Marine  
  133  8:32  Siege Tank  
  133  8:33  Medivac  
  141  8:53  Medivac  
  128  8:58  Marine  
  128  8:59  Marine x5  
  128  9:01  Terran Infantry Weapons Level 2  
  128  9:02  Terran Infantry Armor Level 2  
  134  9:03  Terran Vehicle Weapons Level 1  
  134  9:05  Siege Tank  
  134  9:07  Armory  
  137  9:10  Refinery  
  137  9:20  Marine x4  
  141  9:26  Marine x4  
  141  9:30  Supply Depot x2  
  145  9:35  SCV x3  
  145  9:37  Siege Tank  
  145  9:38  Marine x4  
  154  9:43  Marine  
  154  9:45  Marine  
  157  9:46  Command Center  
  157  9:52  Marine x2  
  159  9:55  Marine  
  159  9:56  Marine  
  161  10:20  Marine x8  
  168  10:28  Viking x2  
  165  10:37  Marine  
  143  10:46  Marine x2  
  143  10:47  Marine x5  
  129  11:08  Supply Depot  
  128  11:12  Viking x2  
  132  11:23  SCV x3  
  135  11:31  Starport  
  135  11:34  Starport x3  
  135  11:35  Fusion Core, SCV  
  135  11:36  Terran Vehicle And Ship Armor Level 1, Terran Ship Weapons Level 1  
  135  11:37  Terran Infantry Armor Level 3, Command Center, Terran Infantry Weapons Level 3  
  135  11:39  Command Center  
  136  11:40  Siege Tank  
  136  11:45  Marine x3  
  136  11:46  Marine x5  
  141  11:52  Medivac x2  
  142  11:59  Supply Depot  
  136  12:01  Supply Depot  
  136  12:09  Supply Depot  
  136  12:13  Viking  
  146  12:21  Viking x3  
  146  12:22  Viking x2  
  146  12:40  SCV x3  
  121  12:52  SCV  
  121  12:58  Marine x4  
  117  12:59  Marine  
  117  13:03  Marine  
  117  13:04  Marine x2  
  120  13:05  Starport Reactor x2  
  120  13:06  Starport Tech Lab  
  120  13:07  Starport Tech Lab  
  115  13:13  Planetary Fortress  
  115  13:14  SCV x3  
  115  13:16  Marine x2  
  120  13:22  Planetary Fortress  
  120  13:25  Supply Depot  
  120  13:26  SCV x2  
  120  13:27  SCV  
  123  13:29  Refinery  
  123  13:35  Marine x5  
  123  13:38  SCV x2  
  130  13:42  Marauder x2  
  134  13:49  Viking x4  
  134  13:50  Viking, Barracks  
  134  13:51  Medivac x2  
  134  13:53  Starport Reactor  
  134  13:55  SCV x3  
  150  13:58  Supply Depot  
  150  14:00  SCV  
  150  14:02  SCV  
  153  14:06  Refinery  
  153  14:07  SCV x2  
  153  14:08  SCV, Refinery  
  156  14:11  Terran Ship Weapons Level 2  
  156  14:12  SCV  
  156  14:13  Terran Vehicle And Ship Armor Level 2  
  157  14:19  Medivac  
  157  14:29  Viking x2  
  159  14:43  Command Center  
  159  14:46  Medivac x3  
  165  14:53  Medivac  
  167  15:02  Supply Depot  
  167  15:13  Marine x2  
  166  15:52  Marine x7  
  166  15:53  Viking  
  166  15:54  Viking x7  
  166  15:55  Viking  
  166  15:56  Orbital Command  
  191  16:03  Marine  
  192  16:07  Hi-Sec Auto Tracking, Neosteel Armor  
  192  16:09  Marine  
  192  16:10  Marine  
  192  16:23  Viking x2  
  192  16:24  Viking x2  
  200  16:31  Command Center  
  200  16:42  Sensor Tower  
  200  16:43  Command Center  
  196  17:42  Liberator x7  
  196  17:43  Liberator  
  161  17:53  Command Center  
  155  18:02  Advanced Ballistics  
  178  18:20  Liberator  
  178  18:22  Command Center  
  178  18:25  Liberator x2  
  178  18:27  Liberator  
  178  18:30  Sensor Tower  
  178  18:33  Marine  
  179  18:34  Marine x7  
  198  18:51  Marine  
  198  18:52  Marine  
  200  19:08  Command Center  
  200  19:11  Planetary Fortress  
  187  19:38  Liberator x4  
  187  19:39  Liberator  
  194  20:00  Marauder x2  
  193  20:11  Marine x3  
  193  20:12  Marine x3  
  199  20:17  Planetary Fortress  
  199  20:21  Marauder x2  
  195  20:29  Marine x3  
  195  20:32  Refinery  
  195  20:34  Refinery  
  198  20:37  Planetary Fortress, Refinery  
  198  20:42  SCV x2  
  168  21:22  Marine x2, Marauder x2  
  168  21:23  Marine x4  
  170  21:40  Marine x4  
  170  21:41  Marine  
  170  21:44  Marauder x2  
  166  22:00  Marine x2  
  166  22:01  Marine x4  
  156  22:04  Marine  
  156  22:05  Liberator x4, Marauder  
  117  22:18  Marine x2  
  117  22:19  Marine x4  
  117  22:22  Marine  
  104  22:26  Marine  
  112  22:36  Marine x2  
  112  22:37  Marine x4  
  112  22:40  Marine  
  112  22:44  Marine  
  112  22:54  Marine x6  
  112  22:58  Marine  
  112  23:01  Marine  
  112  23:16  Marine  
  112  23:19  Marine  
Show
View Real Time Build Order
Export as new Build Order

Woogie Zerg - Winner!

Build Orders: Hatch First, Brood Lord Corruptor 

Get SALT Encoding   

  12  0:00  Drone  
  13  0:12  Overlord  
  13  0:18  Drone  
  14  0:30  Drone x2  
  16  0:35  Drone  
  17  0:55  Hatchery  
  17  0:56  Drone  
  17  1:03  Drone, Extractor  
  17  1:17  Spawning Pool  
  17  1:18  Drone  
  17  1:22  Drone  
  18  1:29  Drone  
  19  1:38  Drone  
  20  1:49  Overlord  
  20  2:08  Queen  
  20  2:09  Queen, Metabolic Boost  
  20  2:11  Zergling x2  
  20  2:12  Zergling x2  
  20  2:15  Drone  
  27  2:28  Drone x2  
  29  2:30  Drone  
  30  2:42  Overlord  
  30  2:43  Drone  
  31  2:44  Overlord  
  31  2:50  Queen  
  33  2:51  Queen  
  33  2:54  Drone  
  35  3:14  Zergling x4  
  37  3:23  Drone x4  
  37  3:25  Drone x2  
  43  3:31  Hatchery  
  42  3:39  Overlord  
  42  3:49  Evolution Chamber x2  
  42  3:50  Extractor  
  42  3:51  Drone  
  42  3:52  Drone x3  
  42  3:53  Extractor  
  41  4:10  Drone  
  41  4:11  Drone x7  
  49  4:18  Drone x2  
  49  4:23  Zerg Ground Armor Level 1  
  51  4:37  Overlord x3  
  51  4:40  Zerg Melee Weapons Level 1  
  51  4:46  Baneling Nest  
  51  4:48  Drone  
  51  4:49  Drone x3  
  51  4:52  Lair  
  54  4:54  Queen  
  57  5:07  Drone x7  
  57  5:09  Drone  
  64  5:19  Pneumatized Carapace  
  64  5:30  Drone x3  
  64  5:31  Drone x2  
  64  5:33  Extractor  
  64  5:35  Extractor  
  67  5:39  Drone x3  
  70  5:44  Hatchery  
  70  5:45  Zergling x2  
  70  5:46  Zergling x10  
  75  5:51  Drone x2  
  75  5:55  Baneling  
  75  5:56  Baneling x3  
  75  5:57  Centrifical Hooks  
  77  6:01  Infestation Pit  
  76  6:07  Extractor  
  76  6:09  Overseer  
  75  6:11  Overlord x3  
  75  6:12  Overlord  
  75  6:28  Drone x3  
  75  6:30  Spore Crawler  
  77  6:38  Zergling x16  
  85  6:44  Spire  
  85  6:46  Drone x2  
  85  6:47  Drone  
  87  6:48  Drone x3  
  87  6:53  Hive  
  90  6:54  Overlord x2  
  90  6:55  Zergling x2  
  90  6:56  Zergling x6  
  94  7:05  Drone  
  94  7:06  Drone x3  
  98  7:10  Extractor  
  98  7:12  Extractor  
  97  7:30  Zergling x24  
  97  7:31  Zergling x4  
  110  7:42  Drone x7  
  110  7:43  Spore Crawler x2, Drone  
  116  7:50  Drone x2  
  118  8:10  Hatchery  
  118  8:11  Baneling x6  
  118  8:12  Baneling x3  
  117  8:17  Corruptor  
  117  8:19  Overlord x2  
  118  8:20  Overlord x4  
  113  8:33  Adrenal Glands  
  113  8:35  Greater Spire  
  113  8:39  Spire  
  106  8:58  Zerg Ground Armor Level 2, Zerg Melee Weapons Level 2  
  106  8:59  Corruptor  
  106  9:00  Corruptor x7  
  122  9:03  Drone x4  
  122  9:04  Drone x4  
  122  9:07  Extractor  
  129  9:18  Spore Crawler  
  128  9:27  Drone x12  
  140  9:37  Spore Crawler x2  
  140  9:38  Spore Crawler  
  137  9:41  Corruptor x5  
  147  9:55  Brood Lord  
  147  9:56  Brood Lord  
  146  10:00  Brood Lord  
  140  10:09  Baneling x6  
  135  10:46  Zergling x4  
  135  10:47  Zergling x30  
  140  10:53  Brood Lord x3  
  140  10:54  Brood Lord x3  
  129  11:06  Hatchery  
  129  11:09  Baneling x6  
  129  11:10  Baneling x4  
  126  11:33  Corruptor x3  
  126  11:36  Zergling x12  
  138  11:53  Hatchery  
  137  11:57  Corruptor x4  
  144  12:20  Baneling x4  
  144  12:21  Baneling x3  
  131  12:40  Zergling x2  
  131  12:41  Zergling x28  
  114  13:03  Zergling x12  
  114  13:04  Zergling x6  
  117  13:15  Corruptor x8  
  133  13:25  Baneling  
  133  13:26  Baneling x8  
  133  13:34  Extractor  
  132  13:42  Brood Lord  
  132  13:46  Brood Lord  
  135  14:10  Extractor  
  135  14:14  Extractor  
  135  14:16  Zergling x18  
  135  14:17  Zergling x26  
  149  14:18  Drone  
  149  14:19  Drone  
  157  14:28  Drone  
  157  14:29  Drone x3  
  153  14:34  Hatchery  
  152  14:49  Ultralisk Cavern, Zerg Melee Weapons Level 3, Zerg Ground Armor Level 3  
  152  14:51  Zergling x2  
  152  14:52  Zergling x18  
  161  14:53  Overlord x4  
  161  15:11  Extractor  
  160  15:15  Extractor  
  123  15:51  Chitinous Plating  
  123  15:53  Ultralisk  
  123  15:54  Ultralisk x9  
  183  16:03  Drone  
  188  16:04  Drone x13  
  192  16:47  Hatchery  
  191  16:57  Spore Crawler  
  167  17:49  Hatchery  
  144  18:13  Drone x3  
  147  18:22  Extractor  
  147  18:27  Zergling x16  
  147  18:28  Zergling x4  
  156  18:34  Hatchery x2  
  154  18:44  Zerg Missile Weapons Level 1  
  154  18:45  Zerg Flyer Weapons Level 1  
  154  18:46  Zerg Flyer Armor Level 1  
  154  19:20  Ultralisk x3  
  154  19:21  Corruptor, Ultralisk x2  
  154  19:22  Corruptor x6  
  188  19:59  Viper x3  
  177  20:39  Viper x4  
  151  21:14  Mutalisk  
  151  21:15  Ultralisk  
  151  21:16  Ultralisk x7  
  164  21:36  Ultralisk x6  
  186  23:12  Viper x2  
  186  23:13  Viper x2  
  186  23:14  Extractor  
  186  23:18  Extractor  
Tags
 
Add a new tag
Caveats
  • Supply blocks, unpowered buildings, or Contaminate may cause inaccurate times.
  • Supply counts are checked every 10 seconds.